 Dungeon Crawl Stone Soup version 0.15-a0-1345-gc375f20 (webtiles) character file.

1465312 E1999 the Acrobat (level 25, 231/231 HPs)
             Began as a Centaur Hunter on June 6, 2014.
             Was a High Priest of Okawaru.
             Escaped with the Orb
             ... and 3 runes on June 8, 2014!
             The game lasted 08:05:12 (90414 turns).

E1999 the Acrobat (Centaur Hunter)                 Turns: 90414, Time: 08:05:12

HP 231/231       AC 30     Str 19      XL: 25   Next: 99%
MP  33/33        EV 23     Int 13      God: Okawaru [*****.]
Gold 2073        SH  0     Dex 21      Spells:  7 memorised,  5 levels left

rFire  + + +     SeeInvis .     a - +11,+6 executioner's axe "Ipheigh" {chop, rC+ rN+ Stlth+}
rCold  + . .     Clarity  .     h - +7 fire dragon armour
rNeg   + . .     rCorr    +     (no shield)
rPois  +         rRot     .     X - +2 hat of the Alchemist {rElec rF+ rC+ MR+}
rElec  +         Spirit   .     t - +1 cloak {rPois}
SustAb .         Warding  .     C - +0 pair of gloves {Str+3}
rMut   .         Stasis   .     I - +1 centaur barding of Shielding {Stlth+}
Gourm  .                        l - amulet "Lysiddy" {rCorr Dex+4 Int+1 Stlth+}
MR     ++...                    r - ring of regeneration
                                O - +5,+4 ring of slaying

@: very quick, very resistant to hostile enchantments, very unstealthy
A: hooves 3, clumsy 1, deformed body, speed 2, screaming 1, tough skin 3
a: Heroism, Finesse, Renounce Religion
0: Orb of Zot
}: 3/15 runes: barnacled, abyssal, gossamer


You escaped.
You worshipped Okawaru.
Okawaru was extremely pleased with you.
You were not hungry.

You visited 10 branches of the dungeon, and saw 53 of its levels.
You visited the Abyss 1 time.
You visited 1 bazaar.
You also visited: Labyrinth, Ossuary and Ice Cave.

You collected 7114 gold pieces.
You spent 5041 gold pieces at shops.

Inventory:

Hand weapons
 a - the +11,+6 executioner's axe "Ipheigh" (weapon) {chop, rC+ rN+ Stlth+}
   (Okawaru gifted it to you on level 8 of the Lair of Beasts)

   It inflicts extra damage upon your enemies.
   It protects you from cold.
   It protects you from negative energy.
   It makes you more stealthy.
 b - the +9,+6 shortbow of Action {flame, Str+3 Dex+1}
   (Okawaru gifted it to you on level 1 of the Depths)

   It turns projectiles fired from it into bolts of flame.
   It affects your strength (+3).
   It affects your dexterity (+1).
 g - the +3,+11 Wrath of Trog {antimagic, *Rage}
   (Okawaru gifted it to you on level 3 of the Elven Halls)

   It disrupts the flow of magical energy around spellcasters and certain
   magical creatures (including the wielder).
   It may make you go berserk in combat.
 P - the +6,+1 quick blade of Bligouda {holy, +Rage}
   (You took it off a deep elf death mage on level 3 of the Elven Halls)

   It has been blessed by the Shining One to cause great damage to the undead
   and demons.
   It lets you go berserk.
 T - the +11 blowgun "Chilekepirch" {evade, rC+ rN+ SInv}
   (You found it on level 3 of the Elven Halls)

   It affects your evasion (+5 to EV).
   It protects you from cold.
   It protects you from negative energy.
   It enhances your eyesight.
Missiles
 x - 6 throwing nets (quivered)
 M - 746 arrows
 Q - 16 arrows of dispersal
Armour
 h - a +7 fire dragon armour (worn)
 t - a +1 cloak of poison resistance (worn)
 C - a +0 pair of gloves of strength (worn)
 I - the +1 centaur barding of Shielding (worn) {Stlth+}
   (Okawaru gifted it to you on level 3 of the Spider Nest)

   It makes you more stealthy.
 X - the +2 hat of the Alchemist (worn) {rElec rF+ rC+ MR+}
   (You found it in a labyrinth)

   It protects you from fire.
   It protects you from cold.
   It insulates you from electricity.
   It affects your resistance to hostile enchantments.
Magical devices
 c - a wand of heal wounds (9)
 Y - a wand of digging (2)
Comestibles
 f - 4 bread rations
Scrolls
 e - a scroll of vulnerability
 j - a scroll of holy word
 p - 5 scrolls of fog
 u - 3 scrolls of recharging
 v - 18 scrolls of remove curse
 A - 5 scrolls of blinking
 B - 5 scrolls of magic mapping
 G - 9 scrolls of identify
 V - 3 scrolls of fear
Jewellery
 l - the amulet "Lysiddy" (around neck) {rCorr Dex+4 Int+1 Stlth+}
   (You found it on level 8 of the Lair of Beasts)

   [amulet of resist corrosion]

   It protects you from acid and corrosion.
   It affects your intelligence (+1).
   It affects your dexterity (+4).
   It makes you more stealthy.
 n - an uncursed ring of regeneration
 o - an uncursed ring of teleportation
 r - a ring of regeneration (right hand)
 y - the ring of Salvation {rPois rN+}
   (You bought it in a shop in a bazaar)

   [ring of positive energy]

   It protects you from poison.
   It protects you from negative energy.
 D - an uncursed ring of see invisible
 J - the ring of the Queen {rC+ Acc+6 Dam+3 Stlth+}
   (You found it on level 3 of the Elven Halls)

   [ring of slaying]

   It affects your accuracy with ranged weapons and melee attacks (+6).
   It affects your damage with ranged weapons and melee attacks (+3).
   It protects you from cold.
   It makes you more stealthy.
 L - the ring "Phoibro" {rN+ MR++ Stlth+}
   (You took it off a hell knight on level 5 of the Depths)

   [ring of stealth]

   It protects you from negative energy.
   It affects your resistance to hostile enchantments.
   It makes you more stealthy.
 O - a +5,+4 ring of slaying (left hand)
 R - an uncursed amulet of resist mutation
 S - an uncursed amulet of warding
 Z - an uncursed ring of teleport control
Potions
 k - 8 potions of curing
 w - 5 potions of restore abilities
 z - a potion of haste
 E - 3 potions of heal wounds
 F - 8 potions of resistance
 H - a potion of berserk rage
 N - a potion of cure mutation
Miscellaneous
 d - a fan of gales (inert)
 i - a fan of gales (inert)
 m - a fan of gales
 K - a lamp of fire
 W - a lamp of fire
Rods
 s - a +7 rod of shadows (14/14)
   (You found it on level 2 of the Abyss)


   Skills:
 + Level 19.9 Fighting
 - Level 20.0 Axes
   Level 14.0 Polearms
 - Level 15.0 Bows
 - Level 10.2 Armour
 - Level 21.2 Dodging
 - Level 0.5 Stealth
   Level 3.4 Shields
 - Level 3.1 Charms
 - Level 3.1 Air Magic
 - Level 7.0 Invocations
 - Level 10.1 Evocations


You had 5 spell levels left.
You knew the following spells:

 Your Spells              Type           Power        Failure   Level  Hunger
a - Apportation           Tloc           #.........   69%         1    ##.....
b - Flight                Chrm/Air       #.........   61%         3    ####...
c - Repel Missiles        Chrm/Air       #.....       30%         2    ###....
d - Blink                 Tloc           N/A          88%         2    ###....
e - Haste                 Chrm           #.......     100%        6    #######
o - Control Teleport      Chrm/Tloc      #.........   100%        4    #####..
q - Animate Skeleton      Necr           N/A          69%         1    ##.....


Dungeon Overview and Level Annotations

Branches:
Dungeon (15/15)            Temple (1/1) D:7             Orc (4/4) D:9
    Elf (3/3) Orc:4          Lair (8/8) D:9          Shoals (5/5) Lair:5
 Spider (5/5) Lair:6        Slime (0/6) Lair:7       Vaults (2/5) D:13
    Zot (5/5) Depths:5     Depths (5/5) D:15
  Crypt: Vaults:2-3

Altars:
Ashenzari
Cheibriados
Dithmenos
Elyvilon
Fedhas
Gozag
Kikubaaqudgha
Makhleb
Nemelex Xobeh
Okawaru
Qazlal
Sif Muna
Trog
Vehumet
Xom
Yredelemnul
Zin
The Shining One
Beogh

Shops:
D:6 }   Orc:3 [   Orc:4 ([(?*}*=   Elf:3 (   Shoals:2 }*   Shoals:3 ?}((
Depths:1 *

Portals:
Hell: Depths:1 Depths:2 Depths:3 Depths:4 Depths:5
Abyss: Depths:1 Depths:3 Depths:4
Pandemonium: Depths:3
Ziggurat: Depths:5

Annotations:
D:4 exclusion: door
D:5 Grinder
D:6 Edmund
D:7 exclusion: downstairs
D:8 Gastronok
Elf:1 exclusion: Roxanne, Roxanne
Elf:3 1 exclusion
Lair:4 exclusion: oklob plant
Spider:2 Azrael
Vaults:2 Sojobo
Zot:1 exclusion: downstairs
Depths:4 exclusions: upstairs and 1 more exclusion


Innate Abilities, Weirdness & Mutations

You have hooves in place of feet.
Armour fits poorly on your strangely shaped body.
You cover ground very quickly.
You have extremely tough skin (AC +3).
You are clumsy. (Dex -2)
You occasionally shout uncontrollably at your foes.


Message History

You sense a powerful magical force warping space.
There is a stone staircase leading down here.
You see here a rat skeleton.
A shadow imp comes into view.
You see here 16 stones.
Evoke which item? (* to show all) (? for menu, Esc to quit)
Zapping:
Y - a wand of digging (4)
Press: ? - help, Shift-Dir - straight line The rock shatters into small pieces.
This wand has 3 charges left.
The shadow imp grins evilly.
Evoke which item? (* to show all) (? for menu, Esc to quit)
Zapping:
Y - a wand of digging (3)
Press: ? - help, Shift-Dir - straight line The rock shatters into small pieces.
This wand has 2 charges left.
There is a stone staircase leading up here.
You climb upwards.
You sense a powerful magical force warping space.
There is a stone staircase leading down here.
There is a staircase leading out of the dungeon here.
You have escaped!

.#.............#.####
.######.............#######
......#................%..##
.>.......##...........##...###
..##....#.####.....####.##...###
..##....##...###.###...#####...##
...###...###...###...### ###...
#.........###.......## ###.
#.###.)...#.###.@.### ## #.#
#......##.......##
#.###....###...###...###
......%.##...#######..(####
...%....#.####...#)####.#.####
.#####...##%..##......##.....#
.#.........................#.#
.#.###.....#######...#######.#
.#.##......# #...# #.#


There were no monsters in sight!

Vanquished Creatures
  An orb of fire (Zot:5)
  8 ancient liches (Zot:5)
  An acid blob (Depths:4)
  Saint Roka (Depths:4)
  A curse toe (Zot:5)
  The ghost of Gekot the Conqueror, a great MiBe of Trog (Depths:2)
  Norris (Shoals:3)
  A Killer Klown (Zot:5)
  2 golden dragons (Zot:3)
  7 bone dragons
  3 electric golems
  Arachne (Spider:2)
  5 liches
  A Hell Sentinel (Zot:4)
  14 tentacled monstrosities
  A hellephant (Abyss:3)
  23 Orb Guardians
  3 deep elf blademasters (Elf:3)
  A quicksilver dragon (Depths:5)
  A deep elf master archer (Elf:3)
  A titan (Depths:2)
  7 storm dragons
  A Shadow Fiend (Zot:5)
  An Executioner (Zot:5)
  A kraken (Shoals:5)
  Polyphemus (Shoals:4)
  An azure jelly (Depths:4)
  3 sphinxes
  3 shadow dragons
  A tentacled starspawn (Abyss:3)
  Agnes (Vaults:1)
  A pandemonium lord (D:9)
  5 draconian monks
  5 tengu reavers
  Ilsuiw (Shoals:5)
  7 fire giants
  A greater naga (Depths:4)
  2 iron dragons
  6 deep elf sorcerers
  Donald (Shoals:5)
  10 ghost moths
  Wiglaf (Spider:2)
  Maud (Lair:7)
  7 draconian knights
  Aizul (Spider:5)
  Louise (Shoals:3)
  5 draconian scorchers
  An octopode crusher (Depths:4)
  8 frost giants
  8 vault wardens
  4 draconian zealots
  A spriggan defender (Depths:2)
  5 deep elf demonologists (Elf:3)
  5 draconian annihilators
  2 orc warlords
  9 stone giants
  3 draconian shifters (Zot:2)
  2 vampire knights
  7 grey draconians
  6 rakshasas
  A draconian caller (Zot:2)
  7 emperor scorpions
  8 deep elf annihilators (Elf:3)
  7 green draconians
  3 yellow draconians
  7 pale draconians
  10 purple draconians
  6 white draconians
  2 dire elephants
  4 red draconians
  6 black draconians
  3 green deaths (Depths:4)
  10 deep elf death magi
  7 mottled draconians
  A minotaur (Lab)
  7 ettins
  3 merfolk javelineers
  9 vault guards
  4 merfolk impalers
  2 sirens (Shoals:5)
  28 fire dragons
  12 yaktaur captains
  A hydra (shapeshifter) (Vaults:1)
  5 ironheart preservers
  10 death cobs
  Fannar (Orc:4)
  3 deep elf high priests (Elf:3)
  15 great orbs of eyes
  Harold (Lair:1)
  The ghost of oplop the Spear-Bearer, a powerful FoFi of Okawaru (Lair:1)
  20 ice dragons
  6 spriggan air magi
  3 alligator snapping turtles
  A death knight (Depths:5)
  A ravenous feature mimic (Zot:5)
  7 merfolk aquamancers
  40 death yaks
  6 hydras
  7 ogre magi
  7 deep troll earth magi
  A satyr (shapeshifter) (D:15)
  A thrashing horror (Abyss:3)
  5 spectral elves
  4 orc high priests
  2 vampire magi (Depths:5)
  6 deep troll shamans
  3 tengu warriors
  5 hell hogs (Abyss:3)
  Urug (Orc:4)
  3 spriggan berserkers
  A shadow wraith (Vaults:2)
  15 very ugly things
  4 centaur warriors
  A naga sharpshooter (Depths:5)
  12 hell knights
  A titan skeleton (Depths:3)
  Erolcha (D:9)
  A wretched star (Abyss:1)
  3 sun demons (Depths:4)
  6 giant orange brains
  10 sea snakes
  8 catoblepae
  16 skeletal warriors
  4 unseen horrors
  A spectral green draconian (Depths:4)
  18 deep elf knights
  2 fire crabs (shapeshifter)
  A quicksilver dragon simulacrum (Depths:2)
  2 flayed ghosts
  24 deep trolls
  An ice devil (Depths:4)
  A swamp dragon (Depths:4)
  17 starcursed masses
  7 orb spiders
  A fire crab (Vaults:1)
  7 deep elf summoners
  6 wizards
  10 large abominations
  An ice statue (D:12)
  11 ironbrand convokers
  5 necromancers
  2 deathcaps (Zot:5)
  2 lindwurms
  10 hill giants
  9 water nymphs
  A tengu zombie (Depths:2)
  8 orc knights
  19 harpies
  2 harpies (shapeshifter)
  2 tengu skeletons (Depths:3)
  2 worldbinders
  A shining eye (shapeshifter) (Vaults:2)
  10 griffons
  33 wolf spiders
  A spectral human (Vaults:2)
  17 deep elf conjurers
  12 orc sorcerers
  4 phantasmal warriors
  5 manticores
  A frost giant zombie (Depths:2)
  22 moths of wrath
  6 elephants
  7 fauns
  3 sixfirhies
  4 black mambas
  7 cyclopes
  2 smoke demons (Abyss:3)
  9 mermaids
  2 red wasps
  An orange demon (Elf:3)
  A fire giant skeleton (Depths:3)
  Maurice (Orc:3)
  A frost giant skeleton (Depths:3)
  2 guardian serpents (Abyss:3)
  3 vault sentinels
  2 apocalypse crabs
  An octopode (shapeshifter) (Vaults:1)
  6 gargoyles
  An item mimic (Lair:1)
  36 yaktaurs
  A yaktaur (shapeshifter) (Depths:1)
  15 spiny frogs
  A naga mage (Abyss:3)
  An efreet (D:15)
  A spiny frog (shapeshifter) (D:15)
  7 komodo dragons
  3 kobold demonologists
  4 freezing wraiths
  2 elves (shapeshifter)
  9 deep elf priests
  7 fire drakes
  5 ancient zymes
  4 blue devils
  4 trolls
  9 demonic crawlers
  A tengu conjurer (D:14)
  A merfolk (shapeshifter) (Depths:2)
  21 merfolk
  3 wind drakes
  A polar bear (D:8)
  A giant firefly (Depths:2)
  A brown ooze (Depths:4)
  35 jumping spiders
  A wandering mushroom (Lair:5)
  25 slime creatures
  11 two-headed ogres
  8 raiju
  17 blink frogs
  2 ettin zombies (Depths:2)
  A raven (shapeshifter) (Depths:2)
  A fire dragon zombie (Depths:2)
  2 griffon zombies (Shoals:2)
  4 boulder beetles
  A polar bear (shapeshifter) (D:15)
  12 ravens
  31 trapdoor spiders
  4 wyverns
  A flying skull (Depths:5)
  2 shadows
  3 vampires
  5 basilisks
  57 redbacks
  14 water elementals
  4 snapping turtles
  38 tarantellas
  8 sharks
  69 yaks
  2 spriggans
  A spriggan (shapeshifter) (Depths:5)
  4 fire bats
  4 hill giant zombies
  3 air elementals (Depths:5)
  2 humans
  Eustachio (D:9)
  30 deep elf magi
  53 ugly things
  A steam dragon (D:13)
  33 deep elf fighters
  9 hippogriffs
  9 vampire mosquitoes
  2 ynoxinuls
  4 wraiths
  2 neqoxecs (Abyss:3)
  5 hungry ghosts
  3 deep troll zombies (Depths:2)
  2 fire elementals
  5 mottled dragons
  Menkaure (D:6)
  7 wargs
  2 spatial vortices (Abyss:3)
  2 human skeletons (Depths:3)
  6 small abominations
  A soldier ant (shapeshifter) (Vaults:1)
  3 nagas (Abyss:3)
  A black bear (shapeshifter) (Depths:5)
  37 spiders
  13 porcupines
  9 boggarts
  3 hell hounds (Spider:2)
  15 water moccasins
  8 ice beasts
  A yellow wasp (D:15)
  2 phantoms
  41 ogres
  45 orc warriors
  2 black bears
  A sky beast (D:13)
  An ogre (shapeshifter) (Depths:4)
  2 elf skeletons
  16 crocodiles
  3 boring beetles
  A hill giant simulacrum (D:14)
  Sigmund (D:6)
  A brain worm (Abyss:3)
  10 centaurs
  20 giant frogs
  A wyvern zombie (D:8)
  4 elf zombies
  Blork the orc (D:7)
  2 big kobolds
  A deep troll simulacrum (Vaults:1)
  A wyvern skeleton (D:15)
  A gnoll sergeant (D:7)
  10 killer bees
  A cyclops skeleton (D:10)
  2 raiju zombies (Abyss:3)
  10 jellies
  2 hippogriff zombies
  11 scorpions
  A warg zombie (Depths:5)
  4 wights (D:12)
  A spriggan skeleton (Lab)
  2 eyes of draining
  A troll skeleton (Lab)
  4 crimson imps
  32 orc priests
  4 human zombies
  A black bear zombie (D:9)
  4 electric eels
  2 goliath beetles
  12 hounds
  3 quasits
  Crazy Yiuf (D:5)
  10 big fish
  2 centaur skeletons (Lab)
  2 giant frog skeletons
  A basilisk skeleton (D:13)
  3 orange rats (Depths:4)
  9 worker ants
  26 orc wizards
  8 iguanas
  An ogre zombie (Depths:5)
  Ijyb (D:5)
  A giant frog simulacrum (D:8)
  5 mummies
  An ogre skeleton (D:5)
  3 hound zombies
  A worker ant zombie (D:8)
  40 adders
  19 gnolls
  71 green rats
  38 sheep
  4 white imps
  9 shadow imps
  3 giant mites
  An inept feature mimic (D:5)
  3 worms
  4 ufetubi
  An iguana zombie (D:10)
  2 adder skeletons
  2 orc skeletons (D:5)
  2 giant eyeballs (Depths:5)
  11 giant geckos
  An ooze (D:6)
  182 orcs
  33 bats
  A bat zombie (Shoals:2)
  19 hobgoblins
  32 jackals
  9 quokkas
  4 giant cockroaches
  3 giant newts
  A giant spore (D:11)
  2 gnoll zombies
  22 goblins
  3 goblin zombies
  27 kobolds
  3 kobold zombies
  An orc simulacrum (D:8)
  12 orc zombies
  2 quokka skeletons
  38 rats
  2 rat zombies (Ossuary)
  A ballistomycete (D:11)
  6 fungi
  6 plants
  A starspawn tentacle (Abyss:3)
  3 tentacles (Shoals:5)
2688 creatures vanquished.

Vanquished Creatures (collateral kills)
  A vault warden (Vaults:1)
  A purple draconian (Zot:5)
  A yaktaur captain (Vaults:1)
  A hydra (Depths:4)
  A merfolk aquamancer (Shoals:3)
  A death yak (Depths:4)
  A spriggan berserker (Depths:5)
  3 catoblepae
  A skeletal warrior (Vaults:1)
  A harpy (Vaults:2)
  A mermaid (Shoals:3)
  A boulder beetle (Depths:1)
  3 water elementals (Shoals:3)
  A redback (Spider:2)
  A spider (Spider:5)
  An ogre (Vaults:1)
  An orange rat (Depths:4)
21 creatures vanquished.

Vanquished Creatures (others)
  Asterion (Vaults:1)
  An eldritch tentacle (Abyss:3)
  2 draconian scorchers
  A pale draconian (Zot:1)
  A yellow draconian (Zot:2)
  A dire elephant (Depths:5)
  An ironheart preserver (Vaults:2)
  2 drowned souls (Shoals:5)
  8 air elementals
  A raven (Depths:3)
  A two-headed ogre (Vaults:1)
  11 fire elementals
  A trapdoor spider (shapeshifter) (Abyss:3)
  An ugly thing (Depths:1)
  A human (shapeshifter) (Depths:1)
  A deep elf fighter (Elf:1)
  A spider (Elf:3)
  An orc warrior (Depths:5)
  A crimson imp (Zot:5)
  A worker ant (Zot:5)
  An adder (Zot:5)
  2 orcs
  59 eldritch tentacle segments (Abyss:3)
  7 fungi
  9 plants
  3 starspawn tentacles (Abyss:3)
  19 starspawn tentacle segments (Abyss:3)
  4 tentacles (Shoals:5)
  155 tentacle segments (Shoals:5)
298 creatures vanquished.

Grand Total: 3007 creatures vanquished

Notes
Turn   | Place    | Note
--------------------------------------------------------------
     0 | D:1      | E1999, the Centaur Hunter, began the quest for the Orb.
     0 | D:1      | Reached XP level 1. HP: 16/16 MP: 1/1
   118 | D:1      | Reached XP level 2. HP: 12/23 MP: 2/2
   158 | D:1      | Reached skill level 6 in Bows
   409 | D:1      | 3 jackal packs d1
   410 | D:1      | its good to be a centaur
   737 | D:1      | Reached XP level 3. HP: 28/28 MP: 3/3
  1165 | D:2      | Reached skill level 7 in Bows
  1204 | D:2      | Reached XP level 4. HP: 35/35 MP: 3/3
  1914 | D:3      | Reached skill level 8 in Bows
  2183 | D:3      | Reached XP level 5. HP: 25/40 MP: 4/4
  2480 | D:3      | Found a blossoming altar of Fedhas.
  2488 | D:3      | Found a stormy altar of Qazlal.
  2948 | D:4      | Reached skill level 9 in Bows
  3329 | D:4      | Reached XP level 6. HP: 43/47 MP: 5/5
  3996 | D:4      | Noticed a phantom
  4169 | D:4      | Found a shattered altar of Ashenzari.
  4169 | D:4      | Found a glowing golden altar of the Shining One.
  4272 | D:4      | Reached skill level 10 in Bows
  4294 | D:5      | Entered Level 5 of the Dungeon
  4575 | D:5      | Reached XP level 7. HP: 53/58 MP: 5/5
  4965 | D:5      | Noticed Grinder
  5221 | D:5      | Noticed Crazy Yiuf
  5230 | D:5      | Killed Crazy Yiuf
  5451 | D:5      | Noticed Ijyb
  5462 | D:5      | Killed Ijyb
  5554 | D:6      | Reached skill level 5 in Fighting
  5596 | D:6      | Found Xiogiell's Gadget Shop.
  5605 | D:6      | Bought a wand of fireball (5) for 234 gold pieces
  5810 | D:6      | Found a sand-covered staircase.
  5824 | D:6      | Noticed Menkaure
  5917 | D:6      | Found a glowing silver altar of Zin.
  5938 | D:6      | Found a burning altar of Makhleb.
  5939 | D:6      | Noticed an angel
  5940 | D:6      | Noticed an Executioner
  5949 | D:6      | Noticed Edmund
  6264 | Ossuary  | Entered an ossuary
  6383 | Ossuary  | Reached XP level 8. HP: 63/71 MP: 6/6
  6723 | D:6      | Killed Menkaure
  6723 | D:6      | Reached skill level 1 in Armour
  6783 | D:6      | Noticed Sigmund
  7112 | D:6      | Killed Sigmund
  7508 | D:6      | Reached skill level 1 in Evocations
  7825 | D:7      | Reached XP level 9. HP: 74/79 MP: 9/11
  8108 | D:7      | Reached skill level 5 in Evocations
  8310 | D:7      | Noticed Blork the orc
  8318 | D:7      | Killed Blork the orc
  8349 | D:7      | Found a staircase to the Ecumenical Temple.
  8356 | Temple   | Entered the Ecumenical Temple
  8960 | D:4      | Killed a phantom
  8991 | D:4      | Found a deep blue altar of Sif Muna.
  9175 | D:8      | Noticed Gastronok
  9686 | D:8      | Found a basalt altar of Yredelemnul.
 10034 | D:8      | Found an iron altar of Okawaru.
 10066 | D:8      | Became a worshipper of Warmaster Okawaru
 10400 | D:8      | Reached XP level 10. HP: 71/86 MP: 20/20
 10531 | D:8      | Reached skill level 11 in Bows
 10763 | D:8      | Found an iron altar of Okawaru.
 10863 | D:9      | Noticed Eustachio
 10929 | D:9      | Killed Eustachio
 10954 | D:9      | Noticed a hill giant
 11006 | D:9      | Killed a hill giant
 11006 | D:9      | Acquired Okawaru's first power
 11006 | D:9      | Reached skill level 12 in Bows
 11397 | D:9      | Found a staircase to the Lair.
 11524 | Lair:1   | Entered Level 1 of the Lair of Beasts
 11536 | Lair:1   | Got a pitted glaive
 11537 | Lair:1   | Identified the cursed +3,+3 glaive "Liexzoem" {chop, rF+ MR+} (You found it on level 1 of the Lair of Beasts)
 11554 | Lair:1   | Noticed Harold
 11596 | Lair:1   | Killed Harold
 11611 | Lair:1   | this just keeps getting better
 11922 | Lair:1   | Reached skill level 5 in Polearms
 12137 | Lair:1   | Noticed oplop's ghost (powerful FoFi)
 12354 | Lair:1   | Reached XP level 11. HP: 62/92 MP: 21/21
 13303 | Lair:2   | Received a gift from Okawaru
 13542 | Lair:2   | Upgraded the game from 0.15-a0-1293-g4a08026 to 0.15-a0-1309-g3520d71
 13708 | Lair:2   | Noticed a five-headed hydra
 13725 | Lair:2   | Killed a five-headed hydra
 14239 | Lair:2   | Received a gift from Okawaru
 15325 | Lair:3   | Noticed a six-headed hydra
 15342 | Lair:3   | Killed a six-headed hydra
 15342 | Lair:3   | Acquired Okawaru's second power
 15377 | Lair:3   | Received a gift from Okawaru
 15389 | Lair:3   | Got a jewelled halberd
 15391 | Lair:3   | Identified the cursed -1,-2 halberd "Suiwev Psich" {pain, rN+ MR+} (You found it on level 3 of the Lair of Beasts)
 15509 | Lair:3   | Reached skill level 5 in Dodging
 15818 | Lair:3   | Reached XP level 12. HP: 104/104 MP: 22/22
 15851 | Lair:3   | Received a gift from Okawaru
 16240 | Lair:3   | Noticed a five-headed hydra
 16247 | Lair:3   | Killed a five-headed hydra
 16330 | Lair:4   | Received a gift from Okawaru
 17026 | Lair:5   | Found a staircase to the Shoals.
 17119 | Lair:5   | Received a gift from Okawaru
 17281 | Lair:5   | Reached skill level 13 in Bows
 18153 | Lair:5   | Reached skill level 14 in Bows
 18332 | Lair:6   | Found a hole to the Spider Nest.
 18433 | Lair:6   | Received a gift from Okawaru
 18782 | Lair:6   | Reached skill level 15 in Bows
 19330 | Lair:7   | Reached XP level 13. HP: 103/111 MP: 23/23
 19487 | Lair:7   | jesus christ this is boring
 19838 | Lair:7   | Received a gift from Okawaru
 19841 | Lair:7   | Got a faintly glowing executioner's axe {god gift}
 19842 | Lair:7   | Identified the +1,+10 executioner's axe "Pratuw" {chop, Str+4} (Okawaru gifted it to you on level 7 of the Lair of Beasts)
 19954 | Lair:7   | Reached skill level 1 in Axes
 20048 | Lair:7   | Noticed Maud
 20113 | Lair:7   | Killed Maud
 20113 | Lair:7   | Reached skill level 5 in Axes
 21041 | Lair:7   | Received a gift from Okawaru
 21186 | Lair:7   | Received a gift from Okawaru
 21218 | Lair:7   | Found a staircase to the Slime Pits.
 21218 | Lair:7   | Noticed an acid blob
 21550 | Lair:8   | Entered Level 8 of the Lair of Beasts
 21710 | Lair:7   | Received a gift from Okawaru
 22102 | Lair:7   | Received a gift from Okawaru
 22314 | Lair:7   | Reached skill level 10 in Polearms
 22414 | Lair:8   | Received a gift from Okawaru
 22417 | Lair:8   | Got a crystal shortbow {god gift}
 22420 | Lair:8   | Identified the +9,+3 shortbow of Watchfulness {frost, Str+1} (Okawaru gifted it to you on level 8 of the Lair of Beasts)
 23269 | Lair:8   | Reached XP level 14. HP: 118/118 MP: 24/24
 23686 | Lair:8   | Received a gift from Okawaru
 23915 | Lair:8   | Received a gift from Okawaru
 23916 | Lair:8   | Got a steaming executioner's axe {god gift}
 23999 | Lair:8   | Identified the +11,+6 executioner's axe "Ipheigh" {chop, rC+ rN+ Stlth+} (Okawaru gifted it to you on level 8 of the Lair of Beasts)
 24604 | Lair:8   | Reached skill level 10 in Fighting
 25209 | Lair:8   | Received a gift from Okawaru
 25380 | Lair:8   | Got a faintly glowing bronze amulet
 25387 | Lair:8   | Identified the amulet "Lysiddy" {rCorr Dex+4 Int+1 Stlth+} (You found it on level 8 of the Lair of Beasts)
 25853 | Lair:3   | Received a gift from Okawaru
 26004 | D:9      | Noticed Erolcha
 26017 | D:9      | Killed Erolcha
 26445 | D:9      | Found a staircase to the Orcish Mines.
 27054 | Orc:1    | Entered Level 1 of the Orcish Mines
 28614 | Orc:2    | Found a roughly hewn altar of Beogh.
 28783 | Orc:3    | Found Thrisi Reac's Armour Boutique.
 28802 | Orc:3    | Noticed Maurice
 28844 | Orc:3    | Killed Maurice
 28864 | Orc:3    | Bought a +4 ring mail of poison resistance for 308 gold pieces
 29020 | Orc:3    | Learned a level 2 spell: Repel Missiles
 29024 | Orc:3    | Learned a level 3 spell: Flight
 29026 | Orc:3    | Learned a level 1 spell: Animate Skeleton
 29661 | D:10     | Entered Level 10 of the Dungeon
 29710 | D:10     | You fall through a shaft!
 30256 | D:10     | Got an encrusted ring mail
 30268 | D:10     | Identified the +2 ring mail of Osoast Ocwu {rN+ MR+ SInv} (You found it on level 10 of the Dungeon)
 30293 | D:11     | Found a labyrinth entrance.
 30302 | Lab      | Entered a labyrinth
 30601 | Lab      | oooh mama
 31140 | D:11     | Received a gift from Okawaru
 31147 | D:11     | Reached XP level 15. HP: 106/129 MP: 25/25
 31152 | D:11     | Got a transparent leather armour {god gift}
 31162 | D:11     | Identified the +0 leather armour of Okawaru's Esteem {rPois Dam+4} (Okawaru gifted it to you on level 11 of the Dungeon)
 32766 | D:12     | Found a frozen archway.
 32847 | IceCv    | Entered an ice cave
 33358 | D:13     | Reached skill level 5 in Armour
 33892 | D:13     | Found a gate to the Vaults.
 35283 | D:15     | Entered Level 15 of the Dungeon
 35500 | D:15     | Received a gift from Okawaru
 36281 | D:15     | Found a staircase to the Depths.
 36294 | D:15     | Reached skill level 1 in Invocations
 36572 | Orc:4    | Entered Level 4 of the Orcish Mines
 36752 | Orc:4    | Found Throroyqe's Magic Scroll Shoppe.
 36754 | Orc:4    | Found Ofoedis' Gadget Emporium.
 36878 | Orc:3    | Received a gift from Okawaru
 37565 | Orc:4    | Found Goquf's Antique Weapon Emporium.
 37613 | Orc:4    | Noticed Urug
 37636 | Orc:4    | Killed Urug
 37659 | Orc:4    | Found a staircase to the Elven Halls.
 37670 | Orc:4    | Found Leckoghath's Antique Weapon Shoppe.
 37703 | Orc:4    | Reached skill level 5 in Invocations
 37734 | Orc:4    | Found Idwe's Antique Armour Boutique.
 37925 | Orc:4    | Bought a scroll of identify for 32 gold pieces
 37925 | Orc:4    | Bought a scroll of identify for 32 gold pieces
 37925 | Orc:4    | Bought a scroll of enchant weapon II for 88 gold pieces
 37925 | Orc:4    | Bought a scroll of identify for 32 gold pieces
 37931 | Orc:4    | Bought a lamp of fire for 440 gold pieces
 37951 | Orc:4    | Found a radiant altar of Vehumet.
 37957 | Orc:4    | Found Opiaj's Assorted Antiques.
 37967 | Orc:4    | Found Twuud's General Store.
 38035 | Orc:4    | Bought a potion of curing for 20 gold pieces
 38035 | Orc:4    | Bought a bread ration for 50 gold pieces
 38035 | Orc:4    | Bought a scroll of identify for 20 gold pieces
 38104 | Orc:4    | Found Qouzer's Jewellery Shoppe.
 38137 | Orc:4    | Bought a scroll of magic mapping for 115 gold pieces
 38137 | Orc:4    | Bought a potion of heal wounds for 99 gold pieces
 38137 | Orc:4    | Bought an iron wand for 132 gold pieces
 38137 | Orc:4    | Bought a faintly glowing turquoise ring for 165 gold pieces
 38137 | Orc:4    | Bought a scroll labeled BRALICHICIE for 33 gold pieces
 38137 | Orc:4    | Bought a papyrus manual for 495 gold pieces
 38143 | Orc:4    | ...
 38145 | Orc:4    | Identified the ring of Monotheism {Str+5 Int+5} (You bought it in a shop on level 4 of the Orcish Mines)
 38154 | Orc:4    | Noticed Fannar
 38180 | Orc:4    | Killed Fannar
 38180 | Orc:4    | Received a gift from Okawaru
 38456 | Orc:4    | Bought an encrusted helmet for 256 gold pieces
 38461 | Orc:4    | Identified the cursed -3 helmet of the Guilds {rElec Int+4 Curse} (You bought it in a shop on level 4 of the Orcish Mines)
 38602 | Lair:1   | Killed oplop's ghost
 38716 | Lair:1   | Reached XP level 16. HP: 60/137 MP: 26/26
 39180 | Orc:4    | Bought an uncursed ring of poison resistance for 240 gold pieces
 39404 | Spider:1 | Entered Level 1 of the Spider Nest
 39825 | Spider:1 | Got a shimmering steel ring
 39826 | Spider:1 | Identified the ring "Skamn" {MR+ Str-3 Int+3} (You found it on level 1 of the Spider Nest)
 40681 | Spider:1 | Identified a +9 rod of inaccuracy (11/11) (You took it off a minotaur in a labyrinth)
 40683 | Spider:1 | Reached skill level 10 in Dodging
 41979 | Spider:2 | fuckign centaur defenses man
 42442 | Spider:2 | Noticed Arachne
 42463 | Spider:2 | Killed Arachne
 42493 | Spider:2 | Noticed Azrael
 42524 | Spider:2 | Noticed Wiglaf
 43172 | Spider:2 | Killed Wiglaf
 43307 | Spider:2 | Received a gift from Okawaru
 43642 | Spider:3 | Received a gift from Okawaru
 43649 | Spider:3 | Got a steaming centaur barding {god gift}
 43657 | Spider:3 | Identified the +1 centaur barding of Shielding {Stlth+} (Okawaru gifted it to you on level 3 of the Spider Nest)
 43657 | Spider:3 | oh mama
 43670 | Spider:3 | finally some defenses
 43861 | Spider:3 | how am i getting hit for 15 dmg by a jumping spider thru 26 ac
 43861 | Spider:3 | ..
 44811 | Spider:4 | Reached skill level 10 in Armour
 44916 | Spider:4 | "poison resistance"
 45836 | Spider:5 | Entered Level 5 of the Spider Nest
 46312 | Spider:5 | what a fucking joke game
 47569 | Spider:5 | Received a gift from Okawaru
 47676 | Spider:5 | Reached XP level 17. HP: 120/144 MP: 27/27
 47826 | Spider:5 | Received a gift from Okawaru
 47917 | Spider:5 | this is so extremely fun
 48124 | Spider:5 | Noticed Aizul
 48164 | Spider:5 | Killed Aizul
 48164 | Spider:5 | Received a gift from Okawaru
 48474 | Spider:5 | unbeliavable
 48712 | Spider:5 | Received a gift from Okawaru
 49698 | Spider:5 | fuck all yall
 49745 | Spider:5 | Got a gossamer rune of Zot
 49747 | Spider:5 | umm
 50367 | Spider:5 | Received a gift from Okawaru
 50748 | Elf:1    | Entered Level 1 of the Elven Halls
 51011 | Elf:1    | Received a gift from Okawaru
 51279 | Elf:1    | Noticed Roxanne
 51759 | Elf:2    | Received a gift from Okawaru
 52405 | Elf:3    | Entered Level 3 of the Elven Halls
 52472 | Elf:3    | Got a faintly glowing ring mail
 52484 | Elf:3    | Identified the +4 ring mail of Grace {Dex+3 Int+4} (You found it on level 3 of the Elven Halls)
 52589 | Elf:3    | Found Qamounn's Antique Weapon Emporium.
 52612 | Elf:3    | Bought a warped shortbow for 224 gold pieces
 52622 | Elf:3    | Identified the cursed -2,+1 shortbow of Komische {speed, rF+ rC++} (You bought it in a shop on level 3 of the Elven Halls)
 53500 | Elf:3    | Received a gift from Okawaru
 53961 | Elf:3    | Got a crystal trident
 53963 | Elf:3    | Identified the +8,+3 trident of Articulation {slay drac, rF+ Stlth-} (You took it off a deep elf mage on level 3 of the Elven Halls)
 54260 | Elf:3    | Reached XP level 18. HP: 151/151 MP: 9/28
 54373 | Elf:3    | Received a gift from Okawaru
 54384 | Elf:3    | Got a crude centaur barding {god gift}
 54394 | Elf:3    | Identified the +0 centaur barding of the First Snow {Dex-3} (Okawaru gifted it to you on level 3 of the Elven Halls)
 54554 | Elf:3    | Got a smoking jade ring
 55527 | Elf:3    | Got a slimy copper ring
 55529 | Elf:3    | Identified the cursed ring of Suspicion {rPois Str+3 Acc+2 Stlth--} (You took it off a deep elf mage on level 3 of the Elven Halls)
 55530 | Elf:3    | Identified the ring of Thridiamp {Int+3 Stlth+} (You took it off a deep elf annihilator on level 3 of the Elven Halls)
 55554 | Elf:3    | Got a smoking war axe {venom}
 55555 | Elf:3    | Identified the +4,+6 war axe of Extremism {venom, rF+ MR++ Int-4} (You took it off a deep elf annihilator on level 3 of the Elven Halls)
 56247 | Vaults:1 | Entered Level 1 of the Vaults
 56329 | D:13     | Reached skill level 1 in Shields
 56958 | Vaults:1 | Noticed Agnes
 56981 | Vaults:1 | Killed Agnes
 56981 | Vaults:1 | Reached skill level 10 in Axes
 57829 | Shoals:1 | Entered Level 1 of the Shoals
 58098 | Shoals:2 | Found Guaheiz's Assorted Antiques.
 58404 | Shoals:2 | Found Loly's Gadget Shoppe.
 58414 | Shoals:2 | Bought a lamp of fire for 560 gold pieces
 59184 | Shoals:3 | Found Honil's Antique Weapon Emporium.
 59193 | Shoals:3 | Found Ipliaharph's Magic Scroll Emporium.
 59206 | Shoals:3 | Bought 3 scrolls of fog for 102 gold pieces
 59231 | Shoals:3 | Found Kluusaant's Gadget Emporium.
 59257 | Shoals:3 | Received a gift from Okawaru
 59375 | Shoals:3 | Found Xehezie's Weapon Shop.
 59451 | Shoals:3 | Noticed Norris
 59497 | Shoals:3 | Noticed Louise
 59535 | Shoals:3 | Killed Norris
 59538 | Shoals:3 | Killed Louise
 59942 | Shoals:3 | Received a gift from Okawaru
 60481 | Shoals:4 | Noticed Polyphemus
 60894 | Shoals:4 | Killed Polyphemus
 61390 | Shoals:5 | Entered Level 5 of the Shoals
 61561 | Shoals:5 | Reached XP level 19. HP: 146/157 MP: 28/28
 61834 | Shoals:5 | Received a gift from Okawaru
 62204 | Shoals:5 | Reached skill level 15 in Axes
 62283 | Shoals:5 | Noticed Donald
 62309 | Shoals:5 | Killed Donald
 62423 | Shoals:5 | Identified a scroll of acquirement
 62560 | Shoals:5 | Noticed Ilsuiw
 62792 | Shoals:5 | Killed Ilsuiw
 63018 | Shoals:5 | Got a barnacled rune of Zot
 63485 | Vaults:1 | Identified Thufoizi's Disquisition on Ice
 63576 | Vaults:1 | Identified the Incunabulum of Dislocated Flight (You found it on level 1 of the Vaults)
 63587 | Vaults:1 | Learned a level 4 spell: Control Teleport
 63873 | Vaults:1 | Received a gift from Okawaru
 64097 | Vaults:1 | Noticed Asterion
 64143 | Vaults:1 | Killed Asterion
 64143 | Vaults:1 | Reached skill level 16 in Axes
 64736 | Vaults:1 | Got an ichor-stained plate armour
 64752 | Vaults:1 | Identified the +0 plate armour of the Skies Above {+Blink rC+ Int-3} (You found it on level 1 of the Vaults)
 64816 | Vaults:1 | Reached skill level 17 in Axes
 65159 | Vaults:2 | Received a gift from Okawaru
 65180 | Vaults:2 | Learned a level 1 spell: Apportation
 65189 | Vaults:2 | Learned a level 2 spell: Blink
 65190 | Vaults:2 | Identified The Advanced Guide to Thaumaturgy (You found it on level 2 of the Vaults)
 65233 | Vaults:2 | Found a staircase to the Crypt.
 65233 | Vaults:2 | Found an ancient bone altar of Kikubaaqudgha.
 65234 | Vaults:2 | Found a basalt altar of Yredelemnul.
 65540 | Vaults:2 | Received a gift from Okawaru
 65607 | Vaults:2 | Reached XP level 20. HP: 88/165 MP: 29/29
 65887 | Vaults:2 | Learned a level 6 spell: Haste
 66003 | Vaults:2 | Reached skill level 18 in Axes
 66506 | Vaults:2 | Gained mutation: You occasionally shout uncontrollably at your foes. [a neqoxec]
 66510 | Vaults:2 | Received a gift from Okawaru
 66688 | Vaults:2 | Paralysed by a red wasp for 3 turns
 66915 | Vaults:2 | Noticed Sojobo
 68232 | Elf:3    | Got an ichor-stained leather armour
 68246 | Elf:3    | Identified the +6 leather armour of Immorality {+Fly Str+1 Int+4} (You took it off a deep elf annihilator on level 3 of the Elven Halls)
 68313 | Elf:3    | Got an ancient blowgun
 68314 | Elf:3    | Identified the +11 blowgun "Chilekepirch" {evade, rC+ rN+ SInv} (You found it on level 3 of the Elven Halls)
 68373 | Elf:3    | Got a shimmering chain mail
 68391 | Elf:3    | Identified the +4 chain mail "Schiyxto" {Dex-1} (You found it on level 3 of the Elven Halls)
 68415 | Elf:3    | Got a distressingly furry plate armour
 68435 | Elf:3    | Identified the +9 plate armour of Nunwuunk {rElec} (You found it on level 3 of the Elven Halls)
 68458 | Elf:3    | Got a twitching turquoise ring
 68500 | Elf:3    | Got a fine quick blade
 68503 | Elf:3    | Identified the +6,+1 quick blade of Bligouda {holy, +Rage} (You took it off a deep elf death mage on level 3 of the Elven Halls)
 68975 | Depths:1 | Entered Level 1 of the Depths
 69080 | D:15     | Reached skill level 10 in Evocations
 69684 | Depths:1 | Reached skill level 19 in Axes
 69745 | Depths:1 | Received a gift from Okawaru
 70092 | Depths:1 | Identified the ring of the Queen {rC+ Acc+6 Dam+3 Stlth+} (You found it on level 3 of the Elven Halls)
 70309 | Depths:1 | Got a shimmering shortbow {god gift}
 70310 | Depths:1 | Identified the +9,+6 shortbow of Action {flame, Str+3 Dex+1} (Okawaru gifted it to you on level 1 of the Depths)
 70658 | Depths:1 | Found a one-way gate to the infinite horrors of the Abyss.
 70667 | Depths:1 | Found a gateway to Hell.
 71017 | Depths:1 | Found Tais' Pet Rocks.
 71327 | Depths:2 | Reached XP level 21. HP: 147/171 MP: 31/31
 71332 | Depths:2 | Received a gift from Okawaru
 71345 | Depths:2 | Found a flickering gateway to a bazaar.
 71352 | Bazaar   | Entered a bazaar
 71352 | Bazaar   | Found Brepam's Magic Scroll Boutique.
 71352 | Bazaar   | Found Mosarur's Magic Scroll Shoppe.
 71353 | Bazaar   | Found Pserip Daha's Gadget Shop.
 71354 | Bazaar   | Found Striuluut's Jewellery Emporium.
 71354 | Bazaar   | Found Kloujiob's Armour Shop.
 71392 | Bazaar   | Bought a scroll of blinking for 112 gold pieces
 71392 | Bazaar   | Bought a scroll of enchant weapon II for 82 gold pieces
 71401 | Bazaar   | Bought a scroll of blinking for 75 gold pieces
 71401 | Bazaar   | Bought a scroll of fear for 35 gold pieces
 71401 | Bazaar   | Bought a scroll of blinking for 75 gold pieces
 71401 | Bazaar   | Bought a scroll of fear for 35 gold pieces
 71401 | Bazaar   | Bought a scroll of teleportation for 30 gold pieces
 71409 | Bazaar   | Bought the ring of Salvation {rPois rN+} for 343 gold pieces
 71421 | Bazaar   | Bought 3 scrolls of recharging for 427 gold pieces
 71430 | Bazaar   | Bought a scroll of enchant armour for 75 gold pieces
 71430 | Bazaar   | Bought a scroll of enchant armour for 75 gold pieces
 71712 | Depths:2 | Reached skill level 20 in Axes
 71782 | Depths:2 | Received a gift from Okawaru
 71868 | Depths:2 | Noticed Gekot's ghost (great MiBe)
 72627 | Depths:2 | Killed Gekot's ghost
 73589 | Depths:2 | Reached skill level 15 in Dodging
 74030 | Depths:3 | Got a bloodstained leather armour
 74031 | Depths:3 | Identified the cursed -3 leather armour of the Armoured One {rC+} (You found it on level 3 of the Depths)
 74179 | Depths:3 | Received a gift from Okawaru
 74705 | Depths:3 | Found a one-way gate leading to the halls of Pandemonium.
 75446 | Depths:3 | Received a gift from Okawaru
 75808 | Depths:3 | Got a smoking helmet {god gift}
 75812 | Depths:3 | Identified the +0 helmet of the Blue Skies {Int+2 Dam-5} (Okawaru gifted it to you on level 3 of the Depths)
 75915 | Depths:4 | Noticed Saint Roka
 75995 | Depths:4 | Killed Saint Roka
 75995 | Depths:4 | Reached XP level 22. HP: 64/181 MP: 31/31
 78015 | Depths:4 | Got a twisted troll leather armour
 78017 | Depths:4 | Identified the cursed -3 troll leather armour of Pride {rPois SInv} (You took it off a merfolk impaler on level 4 of the Depths)
 78208 | Depths:4 | Received a gift from Okawaru
 78230 | Depths:4 | Got a fine leather armour
 78233 | Depths:4 | Identified the +4 leather armour of Unambiguity {+Fly rF+ rN+} (You found it on level 4 of the Depths)
 78347 | Depths:5 | Entered Level 5 of the Depths
 78370 | Depths:5 | Upgraded the game from 0.15-a0-1309-g3520d71 to 0.15-a0-1345-gc375f20
 78845 | Depths:5 | Found an ancient bone altar of Kikubaaqudgha.
 78966 | Depths:5 | Found a gate to the Realm of Zot.
 79008 | Depths:5 | Received a gift from Okawaru
 79063 | Depths:5 | Got a slimy marble ring
 79064 | Depths:5 | Identified the ring of the Turtledove {AC+2 Str+3} (You took it off a hell knight on level 5 of the Depths)
 79154 | Depths:5 | Found a gateway to a ziggurat.
 79207 | Depths:5 | Received a gift from Okawaru
 79239 | Depths:5 | Found an iron altar of Okawaru.
 79362 | Depths:5 | Received a gift from Okawaru
 79362 | Depths:5 | Reached skill level 15 in Fighting
 79371 | Depths:5 | Got a steaming marble ring
 79373 | Depths:5 | Identified the ring "Phoibro" {rN+ MR++ Stlth+} (You took it off a hell knight on level 5 of the Depths)
 79805 | Depths:5 | Reached XP level 23. HP: 150/201 MP: 32/32
 79815 | Depths:5 | Got a crude wooden ring
 79817 | Depths:5 | Identified the ring "Pnev" {+/*Tele Int+3} (You took it off a vampire mage on level 5 of the Depths)
 79973 | Depths:5 | Found a glowing golden altar of the Shining One.
 80219 | Depths:4 | Voluntarily entered the Abyss.
 80265 | Abyss:1  | Found a blossoming altar of Fedhas.
 80269 | Abyss:1  | Gained mutation: You are clumsy. (Dex -2) [a neqoxec]
 80272 | Abyss:1  | how does that happen
 80272 | Abyss:1  | mutated thru rmut by the first neco
 80578 | Abyss:1  | Found a corrupted altar of Lugonu.
 80617 | Abyss:1  | omfg i have 1 curemut
 80898 | Abyss:2  | Identified a +7 rod of shadows (14/14) (You found it on level 2 of the Abyss)
 81108 | Abyss:3  | Found a corrupted altar of Lugonu.
 81277 | Abyss:3  | Reached skill level 1 in Charms
 81277 | Abyss:3  | Reached skill level 1 in Air Magic
 81711 | Abyss:3  | Received a gift from Okawaru
 81746 | Abyss:3  | Found a corrupted altar of Lugonu.
 81796 | Abyss:3  | Got an abyssal rune of Zot
 81846 | Abyss:3  | Found a corrupted altar of Lugonu.
 81991 | Depths:4 | Escaped the Abyss
 82083 | Zot:1    | Entered Level 1 of the Realm of Zot
 82626 | Zot:1    | Received a gift from Okawaru
 82629 | Zot:1    | Got a dazzling leather armour {god gift}
 82630 | Zot:1    | Identified the -3 leather armour "Frimoegg" {Str+4 Dex+2} (Okawaru gifted it to you on level 1 of the Realm of Zot)
 83792 | Zot:1    | Reached XP level 24. HP: 80/218 MP: 32/32
 85072 | Zot:2    | Received a gift from Okawaru
 86814 | Zot:4    | Received a gift from Okawaru
 87158 | Zot:5    | Entered Level 5 of the Realm of Zot
 87375 | Zot:5    | trap
 87387 | Zot:5    | Noticed an ancient lich
 87388 | Zot:5    | what the FUCK
 87389 | Zot:5    | Received a gift from Okawaru
 87393 | Zot:5    | GODDAMNIT
 87662 | Zot:5    | Killed an ancient lich
 87967 | Zot:5    | Reached XP level 25. HP: 175/226 MP: 33/33
 88096 | Zot:5    | Noticed an ancient lich
 88107 | Zot:5    | Killed an ancient lich
 88479 | Zot:5    | Noticed an ancient lich
 88496 | Zot:5    | Killed an ancient lich
 88648 | Zot:5    | Noticed an orb of fire
 88672 | Zot:5    | Killed an orb of fire
 88857 | Zot:5    | Noticed an ancient lich
 88895 | Zot:5    | Killed an ancient lich
 88895 | Zot:5    | Received a gift from Okawaru
 89022 | Zot:5    | Noticed an ancient lich
 89076 | Zot:5    | Killed an ancient lich
 89213 | Zot:5    | Received a gift from Okawaru
 89213 | Zot:5    | Reached skill level 21 in Dodging
 89214 | Zot:5    | Noticed an ancient lich
 89221 | Zot:5    | Killed an ancient lich
 89228 | Zot:5    | enough liches yet crawl?
 89292 | Zot:5    | Received a gift from Okawaru
 89309 | Zot:5    | Noticed an ancient lich
 89310 | Zot:5    | fuck off..
 89415 | Zot:5    | lmfao..
 89422 | Zot:5    | Killed an ancient lich
 89599 | Zot:5    | Noticed an ancient lich
 89602 | Zot:5    | Killed an ancient lich
 89627 | Zot:5    | Got the Orb of Zot
 90101 | D:10     | Noticed Klaptequo the pandemonium lord
 90118 | D:9      | Killed Klaptequo the pandemonium lord
 90414 | D:$      | Escaped with the Orb!

Action                   |  1- 3 |  4- 6 |  7- 9 | 10-12 | 13-15 | 16-18 | 19-21 | 22-24 | 25-27 || total
-------------------------+-------+-------+-------+-------+-------+-------+-------+-------+-------++-------
Melee: Short sword       |    29 |    87 |       |       |       |       |       |       |       ||   116
       Flail             |       |    70 |    11 |       |       |       |       |       |       ||    81
       Dagger            |       |    75 |   181 |   228 |    41 |       |       |       |       ||   525
       Morningstar       |       |       |    53 |    20 |       |       |       |       |       ||    73
       Scythe            |       |       |     2 |       |       |       |       |       |       ||     2
       Glaive            |       |       |       |   302 |  1873 |  1661 |       |       |       ||  3836
       Shortbow          |       |       |       |     4 |       |       |       |       |       ||     4
       Battleaxe         |       |       |       |       |       |    10 |    70 |       |       ||    80
       War axe           |       |       |       |       |       |   606 |   249 |       |       ||   855
       Executioner's axe |       |       |       |       |       |    10 |  1394 |  1580 |   295 ||  3279
 Fire: Shortbow          |    67 |   105 |   356 |   405 |   364 |   165 |    35 |   130 |     5 ||  1632
       Longbow           |       |       |       |   209 |   240 |       |       |       |       ||   449
Throw: Throwing net      |       |       |       |     3 |       |     2 |     7 |     1 |     1 ||    14
Invok: Heroism           |       |       |       |       |     7 |    16 |     9 |    12 |     5 ||    49
       Finesse           |       |       |       |       |       |     8 |     2 |     3 |     4 ||    17
 Abil: Evoke Teleportati |       |       |       |       |       |       |     1 |     1 |       ||     2
Evoke: Wand              |       |     2 |    20 |    32 |    30 |    26 |     9 |    15 |    19 ||   153
       Lamp of fire      |       |       |       |       |       |     6 |     4 |     6 |     1 ||    17
       Fan of gales      |       |       |       |       |       |     5 |     1 |     3 |     3 ||    12
       Rod               |       |       |       |       |       |     1 |       |     1 |     4 ||     6
       Sack of spiders   |       |       |       |       |       |     1 |       |       |       ||     1
  Use: Scroll            |       |     7 |     5 |    26 |    24 |    21 |    29 |    18 |     3 ||   133
       Potion            |       |     3 |       |     1 |     4 |    30 |    11 |     7 |     6 ||    62
 Stab: Invisible         |       |       |     1 |       |     3 |     5 |    12 |       |       ||    21
       Held in net/web   |       |       |       |     1 |       |       |     6 |       |     1 ||     8
       Sleeping          |       |       |       |       |       |    15 |    13 |     8 |       ||    36
       Distracted        |       |       |       |       |       |     4 |     3 |     5 |     1 ||    13
